woodfighter, chaotic female elven Rogue ---- -- |}}}| --- |..---- |.----- ----}}}| --.-- --- ---- ---- |.....----------|.....-- |..}}}- |...----.-- ----|..| |..|------...........|......---.}}}- --- --...||.i.| |((@-..----..|.??%(|---........|..........}}.| ---------.----- |.>.-|..-- |((.|....|...-@[%[*|..|.-----------|-....}.}.---.............| --...|..| |((.|........|.)=[+|..|.|..|..|.....|....}}......--------|--.--------....| -----..`.....-------|--.|#|-#||...%.|...}}}}.....|%%%%%|...|..--..| --...-- |....................|.....|-----|..}}}}}.....|%%%%!|...|......----....| --...........-+.----|-|.....| |?+m|.}}}}}}.....|.@...|---|.|...........-- --...---|---..|...(.|..|.....| |??m|.}}}}}......--|---|...|.|--.......--- ---....|.....|..|.(|..|..|-|-----|???|..}}}}}...........|...|.|...--....| |......|@@...|..----+.----.......|@..|@}}}}}}}.)........--|--.|.---|.|..-- |.#....|.._..|..................--|---.}}}}}}}-|---|-...)..<...@| ----..| |......|.....|...------...[r...@@.....}}..}}}}|..|..|.......@.------- --.| --..#..--------..-...(|.........--...}}..}}}}l|(.|..|....----.......| --- --.........-----|....|.....+..| |..}.}..}}}}.-------...--..--......--- ---.----.....----------.....|..| |.}h}h...}}}................|........-- |...| |.....................|-----}}}.d...}%}.----------.----.....--...| ----- ----------------------- --}}}.---.}}}}.| --- --.|..|----- |}}}--- ---}}}}| ------ woodfighter the Rogue Experience level: 8 Strength: 18 Dexterity: 18 Constitution: 16 Intelligence: 7 Wisdom: 9 Charisma: 9 Health: 0(62) Energy: 34(34) Def: 11 Gold: 0 Moves: 7581 Dungeon seed: 1-xomZY6AQaP7B5E Game ID: woodfighter_1515191093 Your Inventory: Weapons a - a +8 elven dagger named Dagger of Glory (weapon in hand) b - 14 +0 elven daggers (in quiver) Armor r - an uncursed +1 orcish helm (being worn) D - a blessed +1 dwarvish mithril-coat (being worn) W - an uncursed +0 elven shield (being worn) X - a blessed +0 pair of elven boots (being worn) Z - an uncursed +0 dwarvish cloak (being worn) Comestibles l - 5 cursed food rations C - 2 uncursed tripe rations H - a cursed apple M - an uncursed lichen corpse O - an uncursed magic bean R - 3 uncursed fortune cookies Rings m - an uncursed ring of see invisible (on right hand) q - a cursed ring of conflict (on left hand) B - a cursed ring of warning Wands f - a wand of sleep (0:2) u - a wand of teleportation (0:6) x - a wand of enlightenment (0:9) Tools g - an uncursed blindfold j - an uncursed pair of lenses (being worn) s - an uncursed bag of holding v - a +0 pick-axe y - an uncursed lock pick z - a +0 unicorn horn L - an uncursed oil lamp (0:1151) Gems P - an uncursed luckstone Spells and supernatural/magical abilities: Name Level Category Fail Memory W - pray for help -- divine ? -- Your skills at the end: Miscellaneous Skills wands [Basic] Weapon Skills dagger [Expert] short sword [Basic] Spellcasting Skills Final Attributes: You were devoutly aligned. You were sleep resistant. You were blinded. Your writing hand was ok. You saw invisible. You were telepathic. You had automatic searching. You had infravision. You were invisible to others. You were stealthy. You caused conflict. You were fast. You were lucky. You had extra luck. Bad luck did not time out for you. Good luck did not time out for you. You are dead. Vanquished creatures: 2 giant mimics 2 quantum mechanics 4 wolves 2 leprechauns a quivering blob 3 gnome kings 2 piranhas a dwarf lord a blue jelly a white unicorn 2 ravens 3 rock piercers 2 shriekers a violet fungus 12 gnome lords 2 black naga hatchlings 2 guardian naga hatchlings 2 elf zombies a straw golem 4 jellyfish 2 puppies 4 floating eyes 3 kittens 10 dwarves a homunculus a kobold lord a kobold shaman 3 iguanas 4 hill orcs 2 rothes 2 jitterbugs a monkey 2 dwarf zombies 3 hobbits 4 acid blobs 3 geckos 2 hobgoblins 7 giant rats 2 cave spiders 2 brown molds 3 yellow molds a red mold 31 gnomes 2 garter snakes a gnome zombie 5 jackals 6 kobolds 7 newts 4 goblins 8 sewer rats 13 grid bugs 2 bats 12 lichens 3 kobold zombies 207 creatures vanquished. Voluntary challenges: You did not have reflection. You were not displaced. You had been an atheist until turn 2548. You used a wielded weapon 221 times, starting on turn 2. You did not apply a unicorn horn. You did not use plumbed fixtures. You did not drink any magical draughts. You read items or engraved 1 time, starting on turn 2546. You never genocided any monsters. You never polymorphed an object. You never changed form. You completed Sokoban on turn 4988, according to the rules. You used no wishes. You never split a pudding. You never wrote Elbereth's name. You violated your moral code, losing 5 points of alignment, starting on turn 7580. Dungeon overview: The Dungeons of Doom: levels 1 to 7 Level 1 a long staircase Level 2 a fountain Level 3 a general store, a fountain, a sink stairs to The Gnomish Mines Level 4 (open water) a fountain Level 5 many fountains Level 6 a fountain stairs to Sokoban Level 7 The Gnomish Mines: levels 4 to 8 Level 4 stairs to The Dungeons of Doom Level 5 Level 6 Level 7 <- You were here many shops, a temple to Kos, a magic chest, some trees Level 8 Sokoban: levels 2 to 5 Level 2 a magic chest Level 3 Level 4 Level 5 an altar to Mog, a magic chest stairs to The Dungeons of Doom History has recorded: On T:1 you entered the Dungeons of Doom to retrieve the Amulet of Yendor! On T:267 you reached level 2 of The Dungeons of Doom. On T:453 you advanced to experience level 2. On T:469 you reached level 3 of The Dungeons of Doom. On T:684 you reached level 1 of The Gnomish Mines. On T:798 you advanced to experience level 3. On T:869 you reached level 4 of The Dungeons of Doom. On T:1213 you advanced to experience level 4. On T:1577 you reached level 5 of The Dungeons of Doom. On T:1840 you advanced to experience level 5. On T:1887 you reached level 6 of The Dungeons of Doom. On T:2104 you reached level 7 of The Dungeons of Doom. On T:2167 you reached level 4 of Sokoban. On T:2543 you opened a magic chest. On T:2862 you reached level 3 of Sokoban. On T:2863 you advanced to experience level 6. On T:3636 you reached level 2 of Sokoban. On T:4323 you reached level 1 of Sokoban. On T:4988 you advanced to experience level 7. On T:4988 you entered the Sokoban zoo. On T:5576 you reached level 2 of The Gnomish Mines. On T:5919 you reached level 3 of The Gnomish Mines. On T:6434 you advanced to experience level 8. On T:6462 you reached level 4 of The Gnomish Mines. On T:6959 you reached level 5 of The Gnomish Mines. On T:7244 you entered the Minetown temple Score breakdown: Gold: 0 ( 0 points) Experience: 8 levels ( 700 points) Exploration: 8 levels ( 210 points) Discoveries: 19 items ( 950 points) Variety of kills: 54 monsters ( 2000 points) Major goal: finished Sokoban ( 1000 points) Survival: died (score multiplied by 3) Total score: 14580 Latest messages: L - an uncursed lamp. You are now wearing a wire ring. The priest of Kos wields a mace! The mace welds itself to the priest of Kos' hand! The priest of Kos kicks! The priest of Kos casts a spell at you! You feel as if you need some help. The priest of Kos swings his mace at you. The priest of Kos hits you! The priest of Kos kicks! The priest of Kos points at you, then curses. You hesitate for a moment, bothered by your conscience. The priest of Kos gets angry! Kos' voice booms: "How darest thou harm my servant!" The bolt of lightning whizzes by you! You are blinded by the flash! The bolt of lightning hits you! The sleep ray hits the priest of Kos. You stab the priest of Kos. You hear some noises in the distance. The priest of Kos hits you! You die... The bag of holding is empty. The bag of holding is empty. Final status: Goodbye woodfighter the Rogue, killed by a priest of Kos... You died in The Gnomish Mines on dungeon level 7 with 14580 points, and 0 pieces of gold, after 7581 moves. You were level 8 with a maximum of 62 hit points when you died.